 Seeded DCSS version 0.30.1-4-g462c640d31 (webtiles) character file.

Game seed: 6351066067085065685 (custom seed)

87886 Esekla the Eclecticist (level 15, -7/90 HPs)
             Began as a Deep Elf Necromancer on Aug 28, 2023.
             Was a High Priest of Vehumet.
             Blown up by an orb spider (46 damage)
             ... with an orb of destruction
             ... on level 3 of the Spider Nest.
             The game lasted 02:44:40 (23485 turns).

Esekla the Eclecticist (Deep Elf Necromancer)      Turns: 23485, Time: 02:44:40

Health: -7/90      AC: 18    Str:  6    XL:     15   Next: 45%
Magic:  37/39      EV: 17    Int: 31    God:    Vehumet [*****.]
Gold:   1200       SH:  0    Dex: 15    Spells: 9/51 levels left

rFire   + . .        a - +12 pair of quick blades "Gyre" and "Gimble" {protect}
rCold   + . .        (shield currently unavailable)
rNeg    + . .        U - +0 troll leather armour
rPois   +            X - +2 helmet {Int+3}
rElec   +            H - +1 cloak
rCorr   .            o - +2 pair of gloves "Seteklek" {rF+ rC+}
SInv    .            G - +1 pair of boots of Piysunuo {Str+3}
Will    +....        y - amulet of magic regeneration
Stlth   +++          i - ring of Greed {rElec rPois rN+ AC+4 Str-2}
HPRegen 1.15/turn    S - ring of the Mage {Wiz Archmagi}
MPRegen 0.66/turn

%: wizardry (x1), archmagi
@: wereblooded, studying Fighting
A: no striking features
a: Renounce Religion


You were on level 3 of the Spider Nest.
You worshipped Vehumet.
Vehumet was extremely pleased with you.
You visited 4 branches of the dungeon, and saw 22 of its levels.
You also visited: Trove and Bailey.

You collected 3632 gold pieces.
You spent 2432 gold pieces at shops.

Inventory:

Hand Weapons
 a - the +12 pair of quick blades "Gyre" and "Gimble" (weapon) {protect}
   (You found it in a treasure trove)
 c - a +5 great sword
 r - a +4 trident of venom
 s - the +5 rapier of the Hero {heavy, rN+ Dex+3}
   (You found it on level 3 of the Dungeon)

   Dex:       It affects your dexterity (+3).
   rN:        It protects you from negative energy.
Missiles
 v - 62 poisoned darts
 I - 3 curare-tipped darts
 P - 13 boomerangs (quivered)
Armour
 o - the +2 pair of gloves "Seteklek" (worn) {rF+ rC+}
   (You found it in a treasure trove)

   rF:        It protects you from fire.
   rC:        It protects you from cold.
 G - the +1 pair of boots of Piysunuo (worn) {Str+3}
   (You found it on level 1 of the Spider Nest)

   Str:       It affects your strength (+3).
 H - a +1 cloak (worn)
 U - a +0 troll leather armour (worn)
 X - a +2 helmet of intelligence (worn)
Jewellery
 f - a ring of see invisible
 i - the ring of Greed (left hand) {rElec rPois rN+ AC+4 Str-2}
   (You bought it in a shop on level 2 of the Dungeon)

   [ring of protection]

   AC:        It affects your AC (+4).
   Str:       It affects your strength (-2).
   rElec:     It insulates you from electricity.
   rPois:     It protects you from poison.
   rN:        It protects you from negative energy.
 l - the ring of Akemeir {Fire Str+4}
   (You found it in a treasure trove)

   [ring of fire]

   It enhances your fire magic.
   Str:       It affects your strength (+4).
   rF:        It protects you from fire.
   rC:        It makes you vulnerable to cold.
 m - a ring of willpower
 y - an amulet of magic regeneration (around neck)
 F - the ring of Descent {rPois rC+ Int+5 Stlth-}
   (You found it in a treasure trove)

   [ring of protection from cold]

   Int:       It affects your intelligence (+5).
   rC:        It protects you from cold.
   rPois:     It protects you from poison.
   Stlth:     It makes you less stealthy.
 R - an amulet of reflection
 S - the ring of the Mage (right hand) {Wiz Archmagi}
   (You bought it in a shop on level 2 of the Dungeon)

   [ring of wizardry]

   It improves your spell success rate.
   Archmagi:  It increases the power of your magical spells.
 V - a ring of ice
Wands
 p - a wand of roots (22)
 A - a wand of flame (32)
 E - a wand of quicksilver (3)
 K - a wand of mindburst (3)
 W - a wand of digging (9)
Scrolls
 k - 3 scrolls of identify
 n - 4 scrolls of enchant weapon
 q - a scroll of blinking
 t - 4 scrolls of fog
 x - 2 scrolls of magic mapping
 B - a scroll of fear
 C - 6 scrolls of teleportation
 D - 2 scrolls of enchant armour
 J - 2 scrolls of poison
 M - 3 scrolls of acquirement
 T - 2 scrolls of silence
Potions
 b - 3 potions of magic
 d - 3 potions of ambrosia
 e - 7 potions of attraction
 g - 6 potions of haste
 h - 7 potions of curing
 j - a potion of might
 u - 3 potions of heal wounds
 w - 5 potions of brilliance
 z - 3 potions of lignification
 N - a potion of resistance {unknown}
 O - a potion of cancellation
 Q - 4 potions of flight


   Skills:
 * Level 9.3 Fighting
 + Level 5.3(5.7) Short Blades
 + Level 2.9(4.2) Long Blades
 + Level 2.2 Throwing
 * Level 2.6 Armour
 * Level 12.0 Dodging
 + Level 7.6 Stealth
 - Level 1.9 Shields
 * Level 18.9 Spellcasting
 + Level 6.0 Conjurations
 + Level 12.0 Necromancy
 + Level 7.6 Translocations
 + Level 3.0 Transmutations
 + Level 6.4 Fire Magic
 + Level 6.5 Ice Magic
 + Level 6.2 Air Magic
 * Level 3.0 Earth Magic
 + Level 6.4 Poison Magic
 + Level 1.5 Evocations


You had 9 spell levels left.
You knew the following spells:

 Your Spells              Type           Power      Damage    Failure   Level
a - Necrotise             Necr           100%       1d9       0%          1
c - Mephitic Cloud        Conj/Pois/Air  80%        N/A       1%          3
d - Vampiric Draining     Necr           100%       2d13      1%          3
e - Searing Ray           Conj           100%       2d8       1%          2
f - Fireball              Conj/Fire      40%        3d16      1%          5
g - Freeze                Ice            100%       1d10      1%          1
i - Volatile Blastmotes   Fire/Tloc      100%       2d18      1%          3
n - Ignite Poison         Fire/Tmut/Pois 76%        N/A       1%          3
p - Apportation           Tloc           100%       N/A       1%          1
t - Teleport Other        Tloc           86%        N/A       1%          3
v - Poisonous Vapours     Pois/Air       100%       N/A       1%          2
w - Wereblood             Tmut           64%        N/A       1%          2
x - Olgreb's Toxic Radia  Pois           81%        N/A       1%          4
y - Sticky Flame          Conj/Fire      80%        2d9       1%          4
z - Freezing Cloud        Conj/Ice/Air   40%        6-21      1%          5

Your spell library contained the following spells:

 Spells                   Type           Power      Damage    Failure   Level
 Eringya's Noxious Bog    Tmut/Pois      36%        N/A       4%          6
 Sublimation of Blood     Necr           100%       N/A       0%          2
 Foxfire                  Conj/Fire      100%       2x1d9     1%          1
 Sting                    Tmut/Pois      100%       1d8       1%          1
 Summon Small Mammal      Summ           100%       N/A       1%          1
 Lesser Beckoning         Tloc           100%       N/A       1%          2
 Gell's Gravitas          Tloc           86%        N/A       1%          3
 Hailstorm                Conj/Ice       80%        3d16      1%          3
 Inner Flame              Hex/Fire       65%        N/A       1%          3
 Portal Projectile        Hex/Tloc       100%       N/A       1%          3
 Spider Form              Tmut/Pois      73%        N/A       1%          3
 Vhi's Electric Charge    Tloc/Air       100%       N/A       1%          3
 Animate Dead             Necr           100%       N/A       1%          4
 Manifold Assault         Tloc           86%        N/A       1%          4
 Passage of Golubria      Tloc           86%        N/A       1%          4
 Summon Ice Beast         Ice/Summ       65%        N/A       1%          4
 Agony                    Necr           100%       N/A       1%          5
 Plasma Beam              Fire/Air       40%        2x1d59    2%          6
 Starburst                Conj/Fire      40%        6d11      2%          6
 Yara's Violent Unravell  Hex/Tmut       27%        3d12      3%          5
 Dispersal                Tloc           43%        N/A       5%          6
 Silence                  Hex/Air        32%        N/A       6%          5
 Cause Fear               Hex            22%        N/A       8%          4
 Summon Mana Viper        Hex/Summ       44%        N/A       21%         5
 Ignition                 Fire           40%        3d12      61%         8
 Lehudib's Crystal Spear  Conj/Erth      36%        10d9      83%         8
 Disjunction              Tloc           43%        N/A       89%         8
 Summon Hydra             Summ           22%        N/A       99%         7


Dungeon Overview and Level Annotations

Branches:
Dungeon (12/15)            Temple (0/1) D:6            Lair (5/5) D:11
 Shoals (0/4) Lair:2       Spider (3/4) Lair:3        Slime (0/5) Lair:5
    Orc (2/2) D:10            Elf (0/3) Orc:2        Bailey (visited)

Altars:
Dithmenos
Fedhas
Hepliaklqana
Nemelex Xobeh
Okawaru
Qazlal
Ru
Trog
Uskayaw
Vehumet
Zin
The Shining One
Jiyva

Shops:
D:2 =   D:4 (   D:11 *   Orc:2 **[:

Portals:
Pandemonium: Orc:2

Annotations:
Orc:2 Azrael


Message History

The stinking cloud engulfs the orb spider but does no damage.
The orb spider is severely wounded.
The stinking cloud engulfs the orb spider but does no damage.
The orb spider is moderately wounded.
You hear a skittering sound.
The orb spider is engulfed in noxious fumes.
The orb spider appears confused.
The orb spider is engulfed in noxious fumes.
The orb spider appears confused.
The orb spider falls into the water!
The orb spider drowns.
Vehumet accepts your kill.
You feel your power returning.
A broodmother comes into view.
Casting: Mephitic Cloud (safe; 1% risk of failure)
Confirm with . or Enter, or press ? or * to list all spells.
You feel a surge of power!
You begin to radiate toxic energy.
The orb spider looks as sick as possible!
The orb spider looks even sicker.
The broodmother's many legs skitter.
The broodmother is poisoned.
The orb spider looks even sicker.
The orb spider looks as sick as possible!
The broodmother looks even sicker.
You kill the orb spider!
Vehumet accepts your kill.
You feel your power returning.
The orb spider weaves a glowing orb of energy. x2
A redback comes into view. 2 orbs of destruction come into view.
You kill the orb spider!
Vehumet accepts your kill.
You feel your power returning.
The broodmother looks even sicker.
Your toxic aura wanes.
The orb spider is engulfed in noxious fumes.
The orb spider begins to weave its threads into a brightly glowing ball.
Your Dodging skill increases to level 12!
Found a stone staircase leading down.
The orb of destruction hits you!!!
Ouch! That really hurt!
The orb of destruction hits you!!!
Ouch! That really hurt!
You die...

#....^ ^.
##..^.###
#.###.$.....##
...#..○☼§☼s○.#
..#.....○○○°.##.
.....^.°☼°.°.^..
...^.≈^^<.^≈.^..
...^.≈.○○☼○≈s...
#[^#..^@○^.^^##s
#...≈≈°..s#
#.#....s..#.#
##.##^^^##.^.#
## #...# ..##
#.... .# ....##
..>.#


You could see a broodmother (very poisoned), 2 orb spiders and a redback.

Vanquished Creatures
  Rupert (Lair:4)
  2 orc warlords
  A spark wasp (Spider:1)
  2 fire dragons (Lair:5)
  5 entropy weavers
  Harold (D:9)
  2 boulder beetles (Lair:2)
  A demonspawn (Orc:2)
  3 hydras
  A catoblepas (Lair:5)
  3 jorogumos
  3 two-headed ogres
  2 orc high priests (Orc:2)
  A pharaoh ant (Spider:1)
  A sun moth (Spider:1)
  Lodul (D:11)
  A skyshark (Lair:4)
  4 orb spiders
  Pikel (D:6)
  A swamp dragon (Lair:5)
  2 steelbarb worms (Spider:1)
  2 lindwurms (Lair:5)
  An oklob plant (Lair:5)
  An ugly thing (D:12)
  8 orc knights
  2 wolf spiders
  7 cyclopes
  9 orc sorcerers (Orc:2)
  2 moths of wrath (Spider:1)
  Joseph (D:7)
  A merfolk siren (Lair:2)
  2 black mambas
  9 elephants (Lair:5)
  7 torpor snails
  2 gargoyles (D:10)
  A smoke demon (Orc:2)
  2 demonic crawlers
  11 cane toads
  Psyche (D:11)
  3 rime drakes
  15 komodo dragons
  A kobold demonologist (D:9)
  A red devil (Orc:2)
  2 merfolk (Lair:2)
  A polar bear (D:11)
  7 trolls
  9 hornets
  3 tyrant leeches (Lair:5)
  5 tarantellas
  5 blink frogs (Lair:1)
  5 jumping spiders
  4 centaur simulacra (D:11)
  12 spriggans (Lair:3)
  A vampire (D:12)
  4 culicivoras
  A wraith (D:12)
  5 basilisks
  33 yaks
  A chaos spawn (Orc:2)
  3 steam dragons
  5 wyverns
  11 redbacks
  Menkaure (D:7)
  3 wargs
  2 acid dragons (Lair:5)
  6 ice beasts
  2 hell hounds (Orc:2)
  14 water moccasins
  2 swamp drakes (Lair:5)
  A sky beast (D:6)
  43 orc warriors
  2 black bears
  18 ogres
  2 centaurs
  12 wolves
  3 boggarts (Lair:3)
  A phantom (D:7)
  Blork the orc (D:6)
  4 kobold brigands
  4 gnoll sergeants
  An earth elemental (D:11)
  10 bullfrogs
  3 scorpions
  10 wights
  21 killer bees
  2 howler monkeys (D:10)
  An electric eel (D:11)
  2 quasits (D:8)
  3 gnoll boudas
  6 hounds
  A jelly (D:6)
  Crazy Yiuf (D:7)
  32 orc priests
  12 hell rats
  A sleepcap (D:5)
  7 iguanas
  14 orc wizards
  34 gnolls
  8 adders
  3 shadow imps (D:8)
  9 white imps
  4 ufetubi
  3 dart slugs
  95 orcs
  4 endoplasms
  9 goblins
  7 hobgoblins
  A quokka (D:1)
  6 ball pythons
  4 bats
  4 frilled lizards
  21 kobolds
  A rat (D:2)
  A butterfly (Lair:4)
707 creatures vanquished.

Vanquished Creatures (others)
  An orc high priest (Orc:2)
1 creature vanquished.

Grand Total: 708 creatures vanquished

Notes
Turn   | Place    | Note
-------+----------+-------------------------------------------
     0 | D:1      | Esekla the Deep Elf Necromancer began the quest for the
                  | Orb.
     0 | D:1      | Reached XP level 1. HP: 10/10 MP: 6/6
   206 | D:2      | Found Renulab's Jewellery Shop.
   559 | D:4      | Found a radiant altar of Vehumet.
   570 | D:4      | Found an iron altar of Okawaru.
   582 | D:4      | Found a glowing silver altar of Zin.
   661 | D:4      | Became a worshipper of Vehumet
   888 | D:3      | Reached skill level 5 in Necromancy
  1041 | D:3      | Reached XP level 2. HP: 15/15 MP: 8/8
  1123 | D:4      | Found Ponaysk's Antique Weapon Boutique.
  1209 | D:5      | Entered Level 5 of the Dungeon
  1365 | D:3      | Identified the +5 rapier of the Hero {heavy, rN+ Dex+3}
  1545 | D:1      | Reached XP level 3. HP: 16/19 MP: 9/9
  1659 | D:1      | Reached * piety under Vehumet
  1659 | D:1      | Offered knowledge of Freeze by Vehumet.
  1664 | D:1      | Learned a level 3 spell: Vampiric Draining
  1675 | D:1      | Learned a level 1 spell: Freeze
  1848 | D:1      | Learned a level 3 spell: Teleport Other
  1886 | D:2      | Noticed a black bear
  1901 | D:2      | Reached skill level 1 in Short Blades
  1901 | D:2      | Reached XP level 4. HP: 24/24 MP: 1/11
  1915 | D:2      | Found a faded altar of an unknown god.
  2082 | D:2      | Killed a black bear
  2083 | D:2      | Reached skill level 4 in Spellcasting
  2083 | D:2      | Reached skill level 1 in Translocations
  2083 | D:2      | Reached XP level 5. HP: 27/28 MP: 11/13
  2459 | D:3      | Found a stormy altar of Qazlal.
  2496 | D:3      | Found a bloodstained altar of Trog.
  2498 | D:3      | Found a hazy altar of Hepliaklqana.
  2702 | D:4      | Found a glowing golden altar of the Shining One.
  2724 | D:4      | Reached XP level 6. HP: 31/32 MP: 14/14
  3175 | D:4      | Reached skill level 5 in Spellcasting
  3239 | D:5      | Got the Parchment of the Lumpy Olives
  3254 | D:5      | Found a shadowy altar of Dithmenos.
  3421 | D:5      | Offered knowledge of Searing Ray by Vehumet.
  3425 | D:5      | Learned a level 2 spell: Searing Ray
  3609 | D:5      | Reached ** piety under Vehumet
  3646 | D:5      | Reached XP level 7. HP: 36/36 MP: 11/17
  3695 | D:5      | Reached skill level 1 in Throwing
  3803 | D:5      | Reached skill level 1 in Conjurations
  4220 | D:6      | Found a staircase to the Ecumenical Temple.
  4288 | D:6      | Reached skill level 6 in Spellcasting
  4378 | D:6      | Noticed Pikel
  4935 | D:6      | Reached XP level 8. HP: 41/41 MP: 19/19
  4971 | D:6      | Noticed Blork the orc
  4984 | D:6      | Killed Blork the orc
  5129 | D:6      | Reached skill level 5 in Dodging
  5293 | D:7      | Found a runed translucent door.
  5294 | D:7      | Noticed Crazy Yiuf
  5301 | D:7      | Killed Crazy Yiuf
  5379 | D:6      | Reached skill level 5 in Stealth
  5432 | D:6      | Killed Pikel
  5433 | D:6      | Reached skill level 7 in Spellcasting
  5569 | D:6      | Found a blossoming altar of Fedhas.
  5582 | D:6      | Reached skill level 8 in Spellcasting
  5877 | D:6      | Offered knowledge of Inner Flame by Vehumet.
  5881 | D:6      | Reached XP level 9. HP: 37/45 MP: 15/23
  5885 | D:6      | Learned a level 3 spell: Inner Flame
  6090 | D:7      | Reached *** piety under Vehumet
  6091 | D:7      | Reached skill level 9 in Spellcasting
  6192 | D:7      | Noticed Joseph
  6420 | D:7      | Noticed Menkaure
  6429 | D:7      | Killed Menkaure
  6751 | D:8      | Reached skill level 1 in Shields
  6811 | D:7      | Killed Joseph
  6812 | D:7      | Reached skill level 5 in Translocations
  7012 | D:8      | Reached skill level 10 in Spellcasting
  7024 | D:8      | Offered knowledge of Volatile Blastmotes by Vehumet.
  7047 | D:8      | Learned a level 3 spell: Volatile Blastmotes
  7188 | D:8      | Noticed a two-headed ogre
  7205 | D:8      | Reached **** piety under Vehumet
  7213 | D:8      | Offered knowledge of Sticky Flame by Vehumet.
  7221 | D:7      | Learned a level 4 spell: Sticky Flame
  7287 | D:8      | Found a hide-covered altar of Uskayaw.
  7553 | D:8      | Killed a two-headed ogre
  7554 | D:8      | Reached skill level 1 in Long Blades
  7554 | D:8      | Reached skill level 1 in Fire Magic
  7554 | D:8      | Reached XP level 10. HP: 50/50 MP: 26/26
  7625 | D:8      | Found a transporter.
  7625 | D:8      | Found a transporter.
  7629 | D:8      | Found a transporter.
  7629 | D:8      | Found a transporter.
  7983 | D:9      | Found a flagged portal.
  8012 | Bailey   | Entered a bailey
  8140 | Bailey   | Reached skill level 5 in Conjurations
  8224 | Bailey   | Identified the +2 bardiche of Puhoisos {heavy, rElec
                  | Stlth+}
  8276 | Bailey   | Reached skill level 11 in Spellcasting
  8419 | Bailey   | Noticed an orc knight
  8419 | Bailey   | Noticed an orc knight
  8454 | Bailey   | Killed an orc knight
  8600 | Bailey   | Killed an orc knight
  8601 | Bailey   | Reached skill level 1 in Evocations
  8916 | D:9      | Noticed a rust devil
  9000 | D:9      | Found a sparkling altar of Nemelex Xobeh.
  9026 | D:9      | Noticed Harold
  9058 | D:9      | Noticed a cyclops
  9064 | D:9      | Killed a cyclops
  9065 | D:9      | Reached skill level 1 in Fighting
  9065 | D:9      | Reached skill level 12 in Spellcasting
  9204 | D:9      | Noticed a cyclops
  9214 | D:9      | Killed a cyclops
  9215 | D:9      | Reached XP level 11. HP: 45/56 MP: 29/29
  9511 | D:9      | Noticed a two-headed ogre
  9535 | D:9      | Killed a two-headed ogre
  9535 | D:9      | Reached ***** piety under Vehumet
  9536 | D:9      | Reached skill level 10 in Necromancy
  9667 | D:10     | Entered Level 10 of the Dungeon
  9821 | D:10     | Offered knowledge of Yara's Violent Unravelling by Vehumet.
  9827 | D:10     | Reached skill level 13 in Spellcasting
 10005 | D:8      | Learned a level 5 spell: Yara's Violent Unravelling
 10237 | D:10     | Found a sacrificial altar of Ru.
 10526 | D:10     | Found a staircase to the Orcish Mines.
 10540 | Orc:1    | Entered Level 1 of the Orcish Mines
 10542 | Orc:1    | Noticed an orc knight
 10775 | D:10     | Killed an orc knight
 11191 | D:2      | Bought the ring of the Mage {Wiz Archmagi} for 714 gold
                  | pieces
 11191 | D:2      | Found the ring of the Mage {Wiz Archmagi}
 11448 | D:9      | Killed Harold
 12109 | D:11     | Got Simple Magic
 12217 | D:11     | Found a staircase to the Lair.
 12242 | D:11     | Reached skill level 14 in Spellcasting
 12267 | D:11     | Offered knowledge of Spellforged Servitor by Vehumet.
 12287 | D:11     | Reached XP level 12. HP: 44/66 MP: 32/32
 12319 | D:11     | Reached skill level 5 in Fire Magic
 12435 | D:11     | Found Fagafuf's Pet Rocks.
 12544 | D:11     | Noticed Psyche
 12556 | D:11     | Killed Psyche
 12558 | D:11     | Noticed a two-headed ogre
 12565 | D:11     | Killed a two-headed ogre
 12721 | D:11     | Noticed Lodul
 12730 | D:11     | Killed Lodul
 13054 | D:12     | Found a portal to a secret trove of treasure.
 13136 | D:12     | Learned a level 3 spell: Mephitic Cloud
 13139 | D:12     | Learned a level 2 spell: Poisonous Vapours
 13145 | D:12     | Learned a level 5 spell: Freezing Cloud
 13251 | D:12     | Learned a level 5 spell: Fireball
 13335 | D:12     | Reached skill level 1 in Ice Magic
 13451 | D:12     | Learned a level 2 spell: Wereblood
 13585 | Trove    | Entered a treasure trove
 13590 | Trove    | Found the +8 mithril axe "Arga" {speed, Will+}
 13590 | Trove    | Found the +12 pair of quick blades "Gyre" and "Gimble"
                  | {protect}
 13594 | Trove    | Identified the ring of Akemeir {Fire Str+4}
 13598 | Trove    | Identified the +2 pair of gloves "Seteklek" {rF+ rC+}
 13614 | Trove    | Identified the ring of Descent {rPois rC+ Int+5 Stlth-}
 13629 | Trove    | Identified the +3 ring mail "Poady" {+Inv rF+ Dex+2 Slay-4}
 13652 | D:12     | Reached skill level 15 in Spellcasting
 13866 | Lair:1   | Entered Level 1 of the Lair of Beasts
 14244 | D:2      | Bought the ring of Greed {rElec rPois rN+ AC+4 Str-2} for
                  | 758 gold pieces
 14562 | Lair:1   | Reached skill level 1 in Air Magic
 14812 | Lair:1   | Reached skill level 1 in Poison Magic
 15158 | Lair:2   | Found a transporter.
 15158 | Lair:2   | Found a transporter.
 15159 | Lair:2   | Noticed a boulder beetle
 15159 | Lair:2   | Noticed a boulder beetle
 15172 | Lair:2   | Killed a boulder beetle
 15173 | Lair:2   | Reached skill level 5 in Fighting
 15178 | Lair:2   | Killed a boulder beetle
 15597 | Lair:2   | Reached XP level 13. HP: 72/72 MP: 34/34
 15820 | Lair:2   | Found a staircase to the Shoals.
 16248 | Lair:3   | Found a hole to the Spider Nest.
 16662 | Spider:1 | Entered Level 1 of the Spider Nest
 16687 | Spider:1 | Identified the +1 pair of boots of Piysunuo {Str+3}
 16699 | Spider:1 | Reached skill level 16 in Spellcasting
 16918 | Lair:3   | Identified the +3 leather armour of Okawaru's Inspiration
                  | {Str+4}
 17253 | Lair:3   | Reached skill level 10 in Dodging
 17648 | Lair:4   | Noticed Rupert
 17704 | Lair:4   | Learned a level 3 spell: Ignite Poison
 17878 | Lair:4   | Killed Rupert
 17879 | Lair:4   | Reached skill level 5 in Poison Magic
 18512 | Lair:5   | Entered Level 5 of the Lair of Beasts
 18668 | Lair:5   | Reached skill level 5 in Ice Magic
 18731 | Lair:5   | Reached XP level 14. HP: 82/82 MP: 27/36
 18896 | Lair:5   | Reached skill level 17 in Spellcasting
 18934 | Lair:5   | Reached skill level 5 in Air Magic
 18938 | Lair:5   | Reached skill level 1 in Transmutations
 19029 | Lair:5   | Reached skill level 5 in Short Blades
 19227 | Lair:5   | Found a viscous altar of Jiyva.
 19227 | Lair:5   | Found a staircase to the Slime Pits.
 19269 | Lair:5   | Found a runed translucent door.
 19838 | Lair:5   | Got Utragud's Papyrus of the Inquisitive Olives
 20370 | Orc:2    | Entered Level 2 of the Orcish Mines
 20623 | Orc:1    | Noticed an orc warlord
 20646 | Orc:1    | Killed an orc warlord
 20890 | Orc:2    | Found Roezostra's General Store.
 20899 | Orc:2    | Found Bamnuus's General Store.
 20900 | Orc:2    | Offered knowledge of Eringya's Noxious Bog by Vehumet.
 21015 | Orc:2    | Noticed an orc warlord
 21026 | Orc:2    | Killed an orc warlord
 21027 | Orc:2    | Reached skill level 18 in Spellcasting
 21151 | Orc:2    | Found a staircase to the Elven Halls.
 21331 | Orc:2    | Reached skill level 1 in Earth Magic
 21392 | Orc:2    | Reached skill level 1 in Armour
 21411 | Orc:2    | Noticed Azrael
 21655 | Orc:2    | Reached XP level 15. HP: 89/89 MP: 29/39
 21685 | Orc:2    | Found Jyohez's Book Shop.
 21685 | Orc:2    | Found Huzal's Antique Armour Boutique.
 21686 | Orc:2    | Found a one-way gate leading to the halls of Pandemonium.
 21690 | Orc:2    | Bought a runed helmet for 270 gold pieces
 21714 | Orc:2    | Bought a Young Poisoner's Handbook for 300 gold pieces
 21714 | Orc:2    | Bought a book of Cantrips for 180 gold pieces
 21716 | Orc:2    | Learned a level 1 spell: Apportation
 21721 | Orc:2    | Learned a level 4 spell: Olgreb's Toxic Radiance
 23178 | D:2      | Bought a ring of see invisible for 210 gold pieces
 23485 | Spider:3 | Blown up by an orb spider

Illustrated notes

Levels and vault maps discovered:
D:1:      sevenhm_arrival_forest_fort_small_3, layout_rooms,
          chequers_serial_rivers_room_b, minmay_misc_feat_five
D:2:      layout_loops_ring, dreamdust_ecumenical_altar_angels_and_demons,
          serial_shops, shop
D:3:      layout_basic, grunt_temple_overflow_open, minmay_misc_feat_iff
D:4:      layout_basic, nicolae_overflow_quartered_altars, serial_shops,
          nicolae_diamond_shop
D:5:      layout_loops_ring, lemuel_doored_altar, minmay_misc_feat_rows,
          dreamdust_wishing_well
D:6:      layout_loops_cross, fedhas_altar_fruit_tree,
          minmay_temple_entry_glass, uniq_pikel, uniq_blork_the_orc
D:7:      layout_basic, uniq_menkaure, uniq_joseph, uniq_crazy_yiuf_cottage
D:8:      layout_basic, nicolae_uskayaw_dance_hall, serial_demonic,
          serial_demonic_d, serial_demonic_a, serial_demonic_c,
          serial_demonic_c, nicolae_diode_quadrants
D:9:      layout_irregular_city, kennysheep_little_box, enter_bailey_4,
          minmay_between, uniq_harold
D:10:     layout_basic, nicolae_ru_awakened_eye
D:11:     layout_rooms, hellmonk_lair_entry_icy, serial_ice, serial_ice_j,
          serial_ice_m, serial_ice_o, serial_ice_c, serial_ice_g, serial_ice_f,
          guppyfry_shop_earth, uniq_psyche, uniq_lodul
D:12:     layout_roguey, nicolae_trove_entry_crossroad
Lair:1:   layout_small_grid
Lair:2:   gammafunk_boulding_lane, layout_small_grid, elwin_shoals_entry_rooms
Lair:3:   kb_forest_paths, layout_chaotic_city, spider_nest_entry_rubble
Lair:4:   layout_hall_layers, grunt_megastairs_3, lemuel_fruit_fields,
          uniq_rupert
Lair:5:   guppyfry_lair_end_dragon, layout_misc_corridors, wormcave,
          dpeg_slime_entry_enclosed
Spider:1: layout_spider_delve, nicolae_spider_some_kinda_spiderbox
Spider:2: layout_spider_delve, nicolae_spider_twisty_arc_passages
Spider:3: layout_chambers, nicolae_orb_stairs
Orc:1:    layout_caves
Orc:2:    pf_orc_diabolical, layout_diamond_mine, uniq_azrael

Skill      XL: |  1  2  3  4  5  6  7  8  9 10 11 12 13 14 15 |
---------------+----------------------------------------------+-----
Necromancy     | 5 6 7 8 9 11 12 | 12.0
Dodging        | 3 4 5 6 7 8 9 10 11 12 | 12.0
Stealth        | 3 4 5 6 7 |  7.6
Short Blades   | 1 2 3 4 5 |  5.3
Spellcasting   | 4 5 6 8 10 12 14 15 16 18 | 18.9
Translocations | 1 2 3 4 5 6 7 |  7.6
Throwing       | 1 2 |  2.2
Conjurations   | 2 3 4 5 6 |  6.0
Shields        | 1 |  1.9
Long Blades    | 1 2 |  2.9
Fire Magic     | 1 3 4 5 6 |  6.4
Evocations     | 1 |  1.5
Fighting       | 1 4 5 7 8 9 |  9.3
Ice Magic      | 3 5 6 |  6.5
Air Magic      | 2 4 6 |  6.2
Poison Magic   | 2 5 6 |  6.4
Transmutations | 2 3 |  3.0
Earth Magic    | 1 3 |  3.0
Armour         | 1 2 |  2.6

Action                     |  1- 3 |  4- 6 |  7- 9 | 10-12 | 13-15 || total
---------------------------+-------+-------+-------+-------+-------++-------
  Melee: Short sword       |    88 |    79 |       |       |       ||   167
         Unarmed           |     9 |       |       |       |       ||     9
         Punch             |       |     3 |       |       |       ||     3
         Dagger            |       |    48 |    27 |    24 |       ||    99
         Rapier            |       |     1 |     9 |     8 |       ||    18
         Scimitar          |       |       |     7 |     5 |       ||    12
         Great sword       |       |       |     9 |    53 |       ||    62
         Pair of quick bla |       |       |       |    87 |   366 ||   453
  Throw: Dart              |       |    22 |     9 |    36 |     4 ||    71
         Boomerang         |       |       |       |     4 |     5 ||     9
   Cast: Vampiric Draining |     2 |    16 |    35 |   117 |    30 ||   200
         Searing Ray       |       |     1 |    67 |    85 |     9 ||   162
         Teleport Other    |       |       |    12 |     3 |       ||    15
         Inner Flame       |       |       |       |     2 |       ||     2
         Sticky Flame      |       |       |       |    13 |    31 ||    44
         Poisonous Vapours |       |       |       |    21 |   137 ||   158
         Freezing Cloud    |       |       |       |     9 |    32 ||    41
         Wereblood         |       |       |       |     3 |    28 ||    31
         Mephitic Cloud    |       |       |       |     2 |    33 ||    35
         Ignite Poison     |       |       |       |       |    76 ||    76
         Olgreb's Toxic Ra |       |       |       |       |    10 ||    10
         Apportation       |       |       |       |       |     1 ||     1
  Evoke: Wand              |       |       |     7 |    13 |       ||    20
    Use: Scroll            |     1 |       |       |    27 |     3 ||    31
         Potion            |       |       |     2 |     4 |       ||     6
   Stab: Sleeping          |     7 |     2 |     9 |     8 |    11 ||    37
         Distracted        |     1 |       |       |       |     1 ||     2
         Confused          |       |       |       |     5 |    25 ||    30
 Armour: Robe              |    21 |    20 |    34 |    20 |       ||    95
         Steam dragon scal |       |       |       |    85 |    89 ||   174
         Troll leather arm |       |       |       |       |    38 ||    38
  Dodge: Dodged            |    63 |    83 |   146 |   365 |   245 ||   902
